 Dungeon Crawl Stone Soup version 0.23-a0-556-g351818a (webtiles) character file.

1035 CrossKnight the Firebug (level 7, -1/52 HPs)
             Began as a Demigod Fire Elementalist on Dec 10, 2018.
             Slain by an ice beast (5 damage)
             ... on level 5 of the Dungeon.
             The game lasted 00:26:51 (4944 turns).

CrossKnight the Firebug (Demigod Fire Elementalist) Turns: 4944, Time: 00:26:53

Health: -1/52      AC:  2    Str: 11    XL:     7   Next: 73%
Magic:  12/16      EV: 13    Int: 23    God:
Gold:   374        SH:  2    Dex: 16    Spells: 13/14 levels left

rFire    . . .     SeeInvis .   t - +2 falchion (freeze)
rCold    . . .     Gourm    .   (no shield)
rNeg     . . .     Faith    .   m - +0 robe
rPois    .         Spirit   .   (no helmet)
rElec    .         Reflect  +   (no cloak)
rCorr    .         Harm     .   (no gloves)
MR       .....                  (no boots)
Stlth    ++........             l - +2 amulet of reflection
HPRegen  0.17/turn              (no ring)
MPRegen  0.15/turn              (no ring)

@: very slightly contaminated
A: high mp 1
a: no special abilities


You were on level 5 of the Dungeon.
You were not hungry.

You visited 1 branch of the dungeon, and saw 5 of its levels.

You collected 374 gold pieces.

Inventory:

Hand Weapons
 d - a +0 spear
 n - a +0 falchion
 p - a +0 long sword
 t - a +2 falchion of freezing (weapon)
 u - a -3 quarterstaff
 D - a cursed -3 scimitar
Armour
 a - a +0 robe
 m - a +0 robe (worn)
Magical Staves
 z - an uncursed staff of poison
Jewellery
 l - a +2 amulet of reflection (around neck)
Wands
 q - a wand of digging (5)
 x - a wand of random effects (36)
Scrolls
 g - 2 scrolls of magic mapping
 i - 2 scrolls of amnesia {unknown}
 k - a scroll of fog {unknown}
 s - a scroll of noise {unknown}
 y - 2 scrolls of teleportation {unknown}
 A - a scroll of random uselessness {unknown}
 B - 2 scrolls of remove curse
 C - a scroll of fear {unknown}
 E - a scroll of blinking {unknown}
Potions
 b - 3 potions of cancellation {unknown}
 e - a potion of brilliance {unknown}
 f - 2 potions of haste {unknown}
 h - 3 potions of might {unknown}
 j - 2 potions of resistance {unknown}
 o - 2 potions of curing {unknown}
 r - 2 potions of ambrosia {unknown}
 v - a potion of invisibility {unknown}
 w - a potion of flight {unknown}
 F - a potion of heal wounds
Comestibles
 c - 3 rations


   Skills:
 + Level 1.2 Fighting
 + Level 3.0 Long Blades
 + Level 3.1 Dodging
 + Level 2.6 Stealth
 + Level 4.3 Spellcasting
 + Level 3.5 Conjurations
 + Level 4.7 Fire Magic


You had 13 spell levels left.
You knew the following spells:

 Your Spells              Type           Power        Failure   Level  Hunger
a - Flame Tongue          Conj/Fire      ###..        1%          1    None

Your spell library contained the following spells:

 Spells                   Type           Power        Failure   Level  Hunger
 Throw Flame              Conj/Fire      ###...       2%          2    None
 Conjure Flame            Conj/Fire      ###.....     5%          3    ##.....
 Inner Flame              Hex/Fire       ###.....     12%         3    ##.....
 Sticky Flame             Conj/Fire      ###.....     19%         4    ####...
 Fireball                 Conj/Fire      ###.......   45%         5    #####..


Dungeon Overview and Level Annotations

Branches:
Dungeon (5/15)
 Temple: D:4-7


Innate Abilities, Weirdness & Mutations

You have an increased reservoir of magic. (+10% MP)


Message History

The worker ant is lightly wounded.
The ice beast hits you. The ice beast freezes you! The iguana bites you.
You closely miss the worker ant.
The worker ant is lightly wounded.
The worker ant misses you. The ice beast hits you. The ice beast freezes you!
* * * LOW HITPOINT WARNING * * *
The iguana bites you!
* * * LOW HITPOINT WARNING * * *
Casting: Flame Tongue (safe; 1% risk of failure)
Confirm with . or Enter, or press ? or * to list all spells.
Aiming: Flame Tongue (safe; 1% risk of failure)
Press: ? - help, Shift-Dir - straight line, f/p - ice beast
Aim: an ice beast (heavily wounded)
The flame tongue hits the ice beast.
The ice beast melts!
The ice beast is almost dead.
The worker ant closely misses you.
You riposte.
You hit the worker ant. You freeze the worker ant.
The worker ant is moderately wounded.
The ice beast hits you.
You die...

.#....#####...
.............
#..........###
.#.............
..............#
##............
.#.......lY.#
.........@a.#
......#.....#
#.....#.....##J#
#..............#
#................
#........##...#..
.....#...# ......
.....#...##...#..
.....#.......#...


You could see an ice beast, an iguana and a worker ant.

Vanquished Creatures
  A centaur skeleton (D:5)
  An ogre (D:4)
  A howler monkey (D:4)
  The ghost of ryzol the Insei, a weakling OpTm (D:4)
  A crimson imp (D:3)
  A hound (D:4)
  5 orc priests
  An iguana (D:5)
  Jessica (D:2)
  Ijyb (D:5)
  Natasha (thrice) (D:3)
  Terence (D:3)
  A hound skeleton (D:4)
  3 gnolls (D:5)
  5 adders
  5 worms
  2 dart slugs
  4 leopard geckos
  11 orcs
  10 bats
  2 giant cockroaches
  7 goblins
  10 hobgoblins
  7 jackals
  9 kobolds
  2 quokkas (D:4)
  2 ball pythons
  4 frilled lizards
  A quokka skeleton (D:4)
  A quokka zombie (D:5)
  8 rats
112 creatures vanquished.

Notes
Turn   | Place    | Note
-------+----------+-------------------------------------------
     0 | D:1      | CrossKnight the Demigod Fire Elementalist began the quest
                  | for the Orb.
     0 | D:1      | Reached XP level 1. HP: 14/14 MP: 5/5
   383 | D:1      | Reached XP level 2. HP: 13/20 MP: 1/7
   412 | D:1      | Reached skill level 1 in Conjurations
  1036 | D:2      | Noticed Jessica
  1041 | D:2      | Killed Jessica
  1041 | D:2      | Reached XP level 3. HP: 20/26 MP: 6/9
  1403 | D:2      | Found an ornate altar of the Wu Jian Council.
  1843 | D:2      | Reached XP level 4. HP: 24/33 MP: 5/10
  2383 | D:3      | Noticed Terence
  2399 | D:3      | Killed Terence
  2399 | D:3      | Reached skill level 1 in Long Blades
  2532 | D:3      | Noticed Natasha
  2545 | D:3      | Killed Natasha
  2545 | D:3      | Reached XP level 5. HP: 30/39 MP: 6/12
  2599 | D:3      | Noticed Natasha
  2650 | D:3      | Killed Natasha
  2769 | D:3      | Noticed Natasha
  2776 | D:3      | Killed Natasha
  3319 | D:3      | Found a radiant altar of Vehumet.
  3319 | D:3      | Found a burning altar of Makhleb.
  3420 | D:4      | Reached XP level 6. HP: 45/46 MP: 4/13
  3622 | D:4      | Reached skill level 1 in Fighting
  4230 | D:4      | Found a runed door.
  4233 | D:4      | Noticed ryzol's ghost (weakling OpTm)
  4246 | D:4      | Killed ryzol's ghost
  4311 | D:4      | Found a snail-covered altar of Cheibriados.
  4453 | D:5      | Entered Level 5 of the Dungeon
  4457 | D:5      | Found a bloodstained altar of Trog.
  4520 | D:5      | Found a hide-covered altar of Uskayaw.
  4520 | D:5      | Found a shimmering altar of Xom.
  4520 | D:5      | Found a basalt altar of Yredelemnul.
  4520 | D:5      | Found an ancient bone altar of Kikubaaqudgha.
  4525 | D:5      | Reached XP level 7. HP: 43/52 MP: 9/15
  4534 | D:5      | Found a deep blue altar of Sif Muna.
  4824 | D:5      | Noticed Ijyb
  4842 | D:5      | Killed Ijyb
  4944 | D:5      | Slain by an ice beast

Vault maps used:
D:1:      nzn_arrival_depleted_hourglass, bh_walls_and_bars
D:2:      cheibrodos_greedy_goblins, overflow_temple_1_default, uniq_jessica
D:3:      grunt_temple_overflow_lords_of_destruction, first_ration,
          uniq_natasha, uniq_terence
D:4:      minmay_octagon_keep, ebering_ghost_reflecting_pool, chei_slow_surprise
D:5:      nicolae_ru_path_of_blood, grunt_temple_overflow_open, uniq_eustachio,
          uniq_ijyb, uniq_edmund

Skill      XL: |  1  2  3  4  5  6  7 |
---------------+----------------------+-----
Spellcasting   | 2 3 4 |  4.3
Conjurations   | 1 2 3 |  3.5
Fire Magic     | 3 4 |  4.7
Stealth        | 2 |  2.6
Dodging        | 2 3 |  3.1
Long Blades    | 1 2 3 |  3.0
Fighting       | 1 |  1.2

Action                   |  1- 3 |  4- 6 |  7- 9 || total
-------------------------+-------+-------+-------++-------
Melee: Spear             |    24 |       |       ||    24
       Long sword        |     8 |       |       ||     8
       Falchion          |     4 |    42 |    13 ||    59
 Cast: Flame Tongue      |    64 |   134 |    34 ||   232
  Use: Scroll            |       |     4 |       ||     4
  Eat: Ration            |     1 |     3 |       ||     4
Armor: Robe              |    28 |     8 |     6 ||    42
Dodge: Dodged            |    54 |    71 |    22 ||   147
Block: Other             |     3 |     7 |     1 ||    11
       Rpst.: Long sword |     4 |       |       ||     4
       Falchion          |     1 |    24 |     7 ||    32

Table legend:
 A = Non-vault XP
 B = Vault XP
 C = Vault XP percentage of total XP
 D = Non-vault monster count
 E = Vault monster count
 F = Vault count percentage of total count
                 A         B        C        D         E       F
            +---------+---------+-------+---------+---------+-------
      Total |    1067 |     412 |  27.9 |      90 |      22 |  19.6
            +---------+---------+-------+---------+---------+-------
        D:1 |      36 |       0 |   0.0 |      19 |       0 |   0.0
        D:2 |      39 |      48 |  55.2 |      22 |       7 |  24.1
        D:3 |     182 |     115 |  38.7 |      25 |       3 |  10.7
        D:4 |     194 |     213 |  52.3 |      11 |      11 |  50.0
        D:5 |     616 |      36 |   5.5 |      13 |       1 |   7.1
            +---------+---------+-------+---------+---------+-------
